 Dungeon Crawl Stone Soup version 0.30-a0-883-g5ad918d77d (webtiles) character file.

Game seed: 17890515900173554226

19338 Sanktem7 the Severer (level 12, -1/110 HPs)
             Began as a Minotaur Fighter on Mar 17, 2023.
             Was a High Priest of Okawaru.
             Slain by a large slime creature (26 damage)
             ... on level 12 of the Dungeon.
             The game lasted 00:22:51 (11710 turns).

Sanktem7 the Severer (Minotaur Fighter)            Turns: 11710, Time: 00:22:52

Health: -1/110     AC: 37    Str: 29    XL:     12   Next: 35%
Magic:  14/14      EV:  7    Int:  5    God:    Okawaru [*****.]
Gold:   928        SH: 11    Dex:  8    Spells: 11/11 levels left

rFire   . . .      SeeInvis +    u - +8 war axe of Regeluj {freeze, rN+++ rCorr Dex-2, axe}
rCold   x . .      Faith    .    c - +0 buckler
rNeg    + + +      Spirit   .    O - +10 plate armour "Egeiboq" {rC- rN++}
rPois   +          Reflect  +    (helmet restricted)
rElec   .          Rampage  .    h - +2 cloak
rCorr   +                        z - +0 pair of gloves
Will    .....                    S - +2 pair of boots Stlth
                                 L - amulet of reflection
HPRegen 0.38/turn                T - +4 ring of protection
MPRegen 0.14/turn                l - ring of the Endless Expanse {rPois Str+3 SInv}

@: no status effects
A: horns 2, retaliatory headbutt
a: Renounce Religion, Heroism, Finesse, Duel


You were on level 12 of the Dungeon.
You worshipped Okawaru.
Okawaru was extremely pleased with you.
You visited 2 branches of the dungeon, and saw 13 of its levels.

You collected 928 gold pieces.


Innate Abilities, Weirdness & Mutations

You have a pair of horns on your head.
You reflexively headbutt those who attack you in melee.


   Skills:
 + Level 11.4 Fighting
 * Level 15.2 Axes
 + Level 11.4 Armour
 + Level 11.4 Shields
 + Level 4.6 Invocations


You had 11 spell levels left.
You didn't know any spells.
Your spell library contained the following spells:

 Spells                   Type           Power      Damage    Failure   Level
 Apportation              Tloc           0%         N/A       99%         1
 Kiss of Death            Conj/Necr      0%         2d5       99%         1
 Magic Dart               Conj           0%         1d3       99%         1
 Necrotise                Necr           0%         1d4       99%         1
 Dazzling Flash           Conj/Hex       0%         N/A       100%        3
 Ignite Poison            Fire/Tmut/Pois 0%         N/A       100%        3
 Portal Projectile        Hex/Tloc       0%         N/A       100%        3
 Leda's Liquefaction      Hex/Erth       0%         N/A       100%        4
 Sticky Flame             Conj/Fire      0%         2d3       100%        4
 Blade Hands              Tmut           0%         N/A       100%        5
 Freezing Cloud           Conj/Ice/Air   0%         6-21      100%        5
 Irradiate                Conj/Tmut      0%         3d11      100%        5
 Iron Shot                Conj/Erth      0%         9d1       100%        6
 Dragon Form              Tmut           0%         N/A       100%        7
 Ignition                 Fire           0%         3d3       100%        8
 Polar Vortex             Ice            0%         N/A       100%        9
 Summon Small Mammal      Summ           Unusable   N/A       N/A         1
 Call Canine Familiar     Summ           Unusable   N/A       N/A         3
 Animate Armour           Summ/Erth      Unusable   N/A       N/A         4
 Animate Dead             Necr           Unusable   N/A       N/A         4
 Simulacrum               Ice/Necr       Unusable   N/A       N/A         6
 Haunt                    Necr/Summ      Unusable   N/A       N/A         7
 Spellforged Servitor     Conj/Summ      Unusable   N/A       N/A         7
 Infestation              Necr           Unusable   N/A       N/A         8

Inventory:

Hand Weapons
 u - the +8 war axe of Regeluj (weapon) {freeze, rN+++ rCorr Dex-2, axe}
   (You found it on level 5 of the Dungeon)

   Dex:       It affects your dexterity (-2).
   rN:        It renders you almost immune to negative energy.
   rCorr:     It protects you from acid and corrosion.
 N - a +3 heavy broad axe {axe}
   (Okawaru gifted it to you on level 11 of the Dungeon)
Missiles
 f - 5 boomerangs {throwing}
 i - 93 stones (quivered) {throwing}
 k - 20 poisoned darts {throwing}
 x - 6 javelins {throwing}
 H - 2 throwing nets {=f!fthrowing}
Armour
 b - the +1 plate armour "Lofucire" {Rampage Fly rElec rN+ Will+}
   (You found it on level 6 of the Dungeon)

   rElec:     It insulates you from electricity.
   rN:        It protects you from negative energy.
   Fly:       It grants you flight.
   Rampage:   It bestows one free step when moving towards enemies.
   Will:      It increases your willpower.
 c - a +0 buckler (worn)
 h - a +2 cloak (worn)
   (You found it on level 1 of the Dungeon)
 z - a +0 pair of gloves (worn)
   (You found it on level 4 of the Dungeon)
 O - the +10 plate armour "Egeiboq" (worn) {rC- rN++}
   (You found it on level 12 of the Dungeon)

   rC:        It makes you vulnerable to cold.
   rN:        It greatly protects you from negative energy.
 S - a +2 pair of boots (worn)
   (You found it on level 12 of the Dungeon)
Jewellery
 l - the ring of the Endless Expanse (right hand) {rPois Str+3 SInv}
   (You found it on level 5 of the Dungeon)

   [ring of poison resistance]

   Str:       It affects your strength (+3).
   rPois:     It protects you from poison.
   SInv:      It lets you see invisible.
 L - an amulet of reflection (around neck)
   (You found it on level 9 of the Dungeon)
 T - a +4 ring of protection (left hand)
   (You found it on level 12 of the Dungeon)
Wands
 r - a wand of iceblast (13)
   (You found it on level 6 of the Dungeon)
 y - a wand of flame (27)
   (You found it on level 6 of the Dungeon)
 A - a wand of mindburst (11)
   (You found it on level 4 of the Dungeon)
 C - a wand of charming (17)
   (You found it on level 8 of the Dungeon)
 D - a wand of polymorph (23)
   (You found it on level 4 of the Dungeon)
Scrolls
 a - a scroll of vulnerability {!r!r}
 m - 9 scrolls of teleportation {@r4}
 n - a scroll of identify {@r1}
 o - 4 scrolls of blinking {!r}
 t - 2 scrolls of noise {!r}
 v - a scroll of silence {!r}
 B - 2 scrolls of butterflies
 G - 3 scrolls of amnesia
 K - 2 scrolls of fog
 R - 2 scrolls of poison
Potions
 d - 2 potions of might
 e - 10 potions of ambrosia
 g - 5 potions of flight
 j - 6 potions of curing {@q1}
 p - 5 potions of degeneration {!q@e2}
 s - 2 potions of berserk rage {unknown}
 w - 3 potions of heal wounds {@q2}
 E - a potion of cancellation {unknown}
 F - 4 potions of brilliance {unknown}
 J - 5 potions of mutation {unknown}
 M - a potion of resistance {unknown}
Miscellaneous
 q - a phantom mirror
   (You found it on level 12 of the Dungeon)
 I - a phial of floods
   (You found it on level 12 of the Dungeon)

Dungeon Overview and Level Annotations

Branches:
Dungeon (12/15) Zot: 26130  Temple (1/1) D:7 Zot: 5891    Lair (0/5) D:10
    Orc (0/2) D:10

Altars:
Ashenzari
Cheibriados
Dithmenos
Elyvilon
Fedhas
Gozag
Kikubaaqudgha
Makhleb
Okawaru
Qazlal
Ru
Sif Muna
Trog
Uskayaw
Wu Jian
Xom
Zin
The Shining One

Portals:
Trove: D:11 (give +4 storm dragon scales)

Annotations:
D:5 2 transporters
D:9 exclusion: orange crystal statue

#####..#.#
##.###.#
>..#####.##
#.. #......##
#...
#..####.##
.### #...## #
##...# ##.#.#
#@### #J# #'#
... .....
....... ##
......... ..
'.........'
##
##.........##


You could see a large slime creature.


Message History

You slice Nergalle!! You freeze Nergalle.
You kill Nergalle!
Okawaru accepts your kill.
No target in view!
No target in view!
No target in view!
No target in view!
No target in view!
No target in view!
No target in view!
No target in view!
No target in view!
No target in view!
No target in view!
No target in view!
No target in view!
No target in view!
No target in view!
No target in view!
J - 5 viscous emerald potions (gained 2)
Things that are here:
a +0 dagger {short}; a +0 robe
F - 4 dark potions (gained 2) Key pressed, stopping explore.
Found a stone staircase leading down.
A slime creature comes into view.
The slime creature quivers.
A slime creature is nearby!
A slime creature comes into view.
The slime creature quivers.
A slime creature comes into view.
The slime creature quivers.
The slime creature hits you but does no damage.
You hit the slime creature. You freeze the slime creature.
The slime creature barely misses you.
Two slime creatures merge to form a large slime creature.
Two slime creatures merge to form a very large slime creature.
You barely miss the very large slime creature.
You headbutt the very large slime creature.
You slash the very large slime creature!
You freeze the very large slime creature.
You slice the very large slime creature!!
You freeze the very large slime creature!
You headbutt the very large slime creature!
The very large slime creature hits you!!
You slice the very large slime creature!!
You freeze the very large slime creature!
Your headbutt misses the very large slime creature.
A slime creature comes into view. x2
The very large slime creature hits you!
You are too injured to fight recklessly!
You are too injured to fight recklessly! 😮 HP[-44]
You take 44 damage, and now have 66/110 hp.
MASSIVE DAMAGE!! (PAUSE)
You slice the very large slime creature!!
You freeze the very large slime creature.
You block the very large slime creature's attack. 😮 HP[+1]
You slice the very large slime creature!!
You freeze the very large slime creature!
You barely miss the very large slime creature.
You headbutt the very large slime creature, but do no damage.
The very large slime creature hits you!!
* * * LOW HITPOINT WARNING * * *
😨 HP[-34]
You take 34 damage, and now have 33/110 hp.
MASSIVE DAMAGE!! (PAUSE)
You slash the very large slime creature!
You freeze the very large slime creature.
You headbutt the very large slime creature!
You block the very large slime creature's attack. 😨 HP[+1]
You slice the very large slime creature!!
You freeze the very large slime creature.
You kill the very large slime creature!
Okawaru accepts your kill.
There are monsters nearby! 😨 HP[+1] Two slime creatures merge to form a large slime creature. 😨 HP[+1]
The large slime creature hits you.
* * * LOW HITPOINT WARNING * * *
😨 HP[-6]
You take 6 damage, and now have 30/110 hp.
You hit the large slime creature but do no damage.
Your headbutt misses the large slime creature.
The large slime creature hits you!
* * * LOW HITPOINT WARNING * * *
😱 HP[-6]
You take 6 damage, and now have 24/110 hp.
You barely miss the large slime creature.
You headbutt the large slime creature!
You block the large slime creature's attack.
You slash the large slime creature! You freeze the large slime creature!
You headbutt the large slime creature.
The large slime creature hits you but does no damage.
You slash the large slime creature! You freeze the large slime creature.
The large slime creature hits you!!
You die...

Skill      XL: |  1  2  3  4  5  6  7  8  9 10 11 12 |
---------------+-------------------------------------+-----
Axes           | 3 4 5 6 7 9 11 12 14 15 | 15.2
Fighting       | 4 5 6 7 8 9 11 | 11.4
Shields        | 4 5 6 7 8 9 11 | 11.4
Armour         | 4 5 6 7 8 9 11 | 11.4
Invocations    | 3 4 |  4.6

Action                     |  1- 3 |  4- 6 |  7- 9 | 10-12 || total
---------------------------+-------+-------+-------+-------++-------
  Melee: War axe           |    80 |   122 |   157 |   307 ||   666
         Headbutt          |     9 |    19 |    28 |    59 ||   115
  Throw: Stone             |       |       |       |     3 ||     3
    Use: Scroll            |       |    11 |     3 |     6 ||    20
   Stab: Paralysed         |       |     1 |       |       ||     1
 Armour: Scale mail        |    36 |    50 |     2 |       ||    88
         Plate armour      |       |       |    89 |   126 ||   215
  Dodge: Dodged            |    31 |    62 |    74 |    88 ||   255
  Block: Buckler           |    25 |    18 |    31 |   128 ||   202
         Reflection        |       |       |       |     6 ||     6

Levels and vault maps discovered:
D:1:      lordsloth_arrival_two_stooges, layout_basic, basic_ecumenical_altar
D:2:      layout_loops_corners
D:3:      layout_basic, mainiacjoe_overflow_six_doors_small,
          mainiacjoe_overflow_tiny_flanked
D:4:      layout_layer_cave, slow_altar_2, nicolae_ru_great_annihilating_truth
D:5:      layout_gridville, lemuel_round_altar, gammafunk_temple_overflow_arena,
          serial_bayou, serial_bayou_crossing, serial_bayou_shore_b,
          serial_bayou_pond_e, serial_bayou_lagoon_a, serial_bayou_lake_a
D:6:      layout_loops_ring, chequers_hall_statues_corner_a,
          chequers_serial_rivers_micro_d
D:7:      layout_rooms, nzn_wu_jian_contemplation, lemuel_temple_firewalk_a,
          kennysheep_generic_room_5
D:8:      layout_basic, grunt_temple_overflow_gold_and_silver
D:9:      layout_loops_corners, nicolae_sif_muna_little_library,
          amcnicky_altar_gilded, special_room [special_room_bee], minivault_16,
          david_defended_altar_orc, uniq_maurice
D:10:     layout_loops_ring, dpeg_lair_monsters, erik_orc_4
D:11:     layout_cave_pools, nicolae_trove_entry_crossroad
D:12:     minmay_the_grid_triangle_9x9_recursive_2_mashed
          [minmay_the_grid_triangle_9x9_prize_insulated,
          minmay_the_grid_triangle_9x9_longest,
          minmay_the_grid_triangle_9x9_descending_squares,
          minmay_the_grid_triangle_9x9_dagger], layout_loops_corners,
          fedhas_altar_2, uniq_nergalle, uniq_fannar
Temple:   grunt_temple_mini_profane

Notes
Turn   | Place    | Note
-------+----------+-------------------------------------------
     0 | D:1      | Sanktem7 the Minotaur Fighter began the quest for the Orb.
     0 | D:1      | Reached XP level 1. HP: 19/19 MP: 0/0
     0 | D:1      | magus.rc [v1.9.6]
    93 | D:1      | Reached XP level 2. HP: 26/27 MP: 1/1
   134 | D:1      | Reached skill level 3 in Axes
   217 | D:1      | You pick up a book of Transfigurations {@e2} and begin
                  | reading...
   217 | D:1      | You add the spells Irradiate, Blade Hands and Dragon Form
                  | to your library.
   292 | D:1      | Found a faded altar of an unknown god.
   435 | D:1      | Reached skill level 4 in Fighting
   438 | D:1      | Reached skill level 4 in Shields
   438 | D:1      | Reached XP level 3. HP: 31/33 MP: 2/2
   736 | D:1      | Reached skill level 4 in Armour
  1206 | D:2      | Reached XP level 4. HP: 40/40 MP: 3/3
  1302 | D:2      | Reached skill level 4 in Axes
  1854 | D:3      | Found a burning altar of Makhleb.
  1955 | D:3      | Found a white marble altar of Elyvilon.
  2648 | D:4      | Reached XP level 5. HP: 47/47 MP: 4/4
  2677 | D:4      | You pick up a book of Death and begin reading...
  2677 | D:4      | You add the spells Animate Dead, Haunt and Infestation to
                  | your library.
  2719 | D:4      | Found a sacrificial altar of Ru.
  2861 | D:4      | Found a snail-covered altar of Cheibriados.
  3141 | D:4      | Reached skill level 5 in Axes
  4177 | D:5      | Entered Level 5 of the Dungeon
  4177 | D:5      | Found a transporter.
  4187 | D:5      | Found a transporter.
  4213 | D:5      | Noticed a shadow
  4224 | D:5      | Reached XP level 6. HP: 55/55 MP: 5/5
  4240 | D:5      | Reached skill level 5 in Shields
  4250 | D:5      | Reached skill level 5 in Armour
  4347 | D:5      | Identified the ring of the Endless Expanse {rPois Str+3
                  | SInv}
  4352 | D:5      | Noticed an ice beast
  4364 | D:5      | Killed an ice beast
  4365 | D:5      | Reached skill level 5 in Fighting
  4391 | D:5      | You add the spells Ignite Poison, Sticky Flame and Ignition
                  | to your library.
  4513 | D:5      | Identified the +8 war axe of Regeluj {freeze, rN+++ rCorr
                  | Dex-2}
  4543 | D:5      | Found a bloodstained altar of Trog.
  4583 | D:5      | Reached skill level 6 in Axes
  4583 | D:5      | Reached XP level 7. HP: 47/61 MP: 6/6
  4963 | D:5      | Noticed a yak
  4964 | D:5      | Found a shadowy altar of Dithmenos.
  4964 | D:5      | Noticed an unseen horror
  5308 | D:6      | Reached skill level 6 in Fighting
  5308 | D:6      | Reached skill level 7 in Axes
  5308 | D:6      | Reached skill level 6 in Armour
  5308 | D:6      | Reached skill level 6 in Shields
  5323 | D:6      | Reached XP level 8. HP: 67/70 MP: 7/7
  5372 | D:6      | Identified the +1 plate armour "Lofucire" {Rampage Fly
                  | rElec rN+ Will+}
  5625 | D:6      | Reached skill level 8 in Axes
  5770 | D:6      | Found the +5 robe of Misfortune {Harm *Corrode *Slow EV+5}
  5981 | D:7      | Reached skill level 7 in Shields
  5985 | D:7      | Reached skill level 7 in Fighting
  5985 | D:7      | Reached skill level 7 in Armour
  5988 | D:7      | Reached skill level 9 in Axes
  6200 | D:7      | Reached XP level 9. HP: 79/79 MP: 8/8
  6209 | D:7      | You pick up a book of the Hunter and begin reading...
  6209 | D:7      | You add the spells Call Canine Familiar, Portal Projectile
                  | and Leda's Liquefaction to your library.
  6453 | D:7      | Found a staircase to the Ecumenical Temple.
  6504 | D:7      | You add the spells Kiss of Death and Spellforged Servitor
                  | to your library.
  6504 | D:7      | Got Cianivet's Almanac of Power
  6531 | D:7      | Found an ornate altar of the Wu Jian Council.
  6651 | Temple   | Entered the Ecumenical Temple
  6729 | Temple   | Became a worshipper of Warmaster Okawaru
  6847 | D:8      | Reached skill level 10 in Axes
  6901 | D:8      | Reached skill level 8 in Shields
  6907 | D:8      | Reached skill level 8 in Armour
  6946 | D:8      | Reached skill level 8 in Fighting
  7123 | D:8      | Reached * piety under Okawaru
  7305 | D:8      | Found a glowing silver altar of Zin.
  7305 | D:8      | Found an opulent altar of Gozag.
  7578 | D:9      | Noticed a two-headed ogre
  7586 | D:9      | Killed a two-headed ogre
  7587 | D:9      | Reached skill level 11 in Axes
  7587 | D:9      | Reached XP level 10. HP: 66/90 MP: 9/9
  7961 | D:9      | Noticed an orange crystal statue
  7966 | D:9      | Noticed a two-headed ogre
  8022 | D:9      | HP: 21/90 [yak[an orange crystal statue] (10)]
  8240 | D:9      | Found a hide-covered altar of Uskayaw.
  8479 | D:9      | Noticed a two-headed ogre
  8485 | D:9      | Killed a two-headed ogre
  8485 | D:9      | Reached ** piety under Okawaru
  8486 | D:9      | Reached skill level 9 in Fighting
  8486 | D:9      | Reached skill level 9 in Armour
  8486 | D:9      | Reached skill level 9 in Shields
  8645 | D:9      | Found a shimmering blue altar of Sif Muna.
  8675 | D:9      | Noticed Maurice
  8682 | D:9      | Killed Maurice
  8683 | D:9      | Reached skill level 12 in Axes
  8780 | D:9      | Reached *** piety under Okawaru
  9246 | D:9      | Noticed a two-headed ogre
  9359 | D:10     | Entered Level 10 of the Dungeon
  9375 | D:10     | Found a staircase to the Lair.
  9375 | D:10     | Noticed a death yak
  9375 | D:10     | Noticed a death yak
  9376 | D:10     | Noticed a death yak
  9394 | D:10     | Killed a death yak
  9394 | D:10     | Reached **** piety under Okawaru
  9395 | D:10     | Reached XP level 11. HP: 54/99 MP: 10/10
  9404 | D:10     | Killed a death yak
  9405 | D:10     | Reached skill level 13 in Axes
  9408 | D:10     | Reached skill level 10 in Armour
  9408 | D:10     | Reached skill level 10 in Shields
  9414 | D:10     | Killed a death yak
  9415 | D:10     | Reached skill level 10 in Fighting
  9415 | D:10     | Reached skill level 1 in Invocations
  9621 | D:10     | Found a staircase to the Orcish Mines.
  9729 | D:10     | You add the spells Magic Dart and Dazzling Flash to your
                  | library.
  9729 | D:10     | Got the Atlas of Outbursts
  9846 | D:10     | Reached skill level 2 in Invocations
  9849 | D:10     | Reached ***** piety under Okawaru
 10322 | D:11     | Noticed a two-headed ogre
 10327 | D:11     | Killed a two-headed ogre
 10327 | D:11     | Received a gift from Okawaru
 10350 | D:11     | Noticed a two-headed ogre
 10359 | D:11     | Killed a two-headed ogre
 10360 | D:11     | Reached skill level 14 in Axes
 10360 | D:11     | Reached skill level 3 in Invocations
 10423 | D:11     | Noticed a cyan ugly thing
 10430 | D:11     | Killed a cyan ugly thing
 10538 | D:11     | Found a portal to a secret trove of treasure.
 10572 | D:11     | Noticed a two-headed ogre
 10579 | D:11     | Killed a two-headed ogre
 10817 | D:11     | This trove needs +4 storm dragon scales to function. Give
                  | it the item?
 10895 | D:12     | Noticed a centaur warrior
 10897 | D:12     | Identified the amulet "Reqerueg" {Faith rC- Will+ Int+2}
 10897 | D:12     | Noticed a deep elf pyromancer
 10902 | D:12     | Killed a deep elf pyromancer
 10903 | D:12     | Reached skill level 11 in Fighting
 10906 | D:12     | Killed a centaur warrior
 10907 | D:12     | Reached skill level 11 in Armour
 10907 | D:12     | Reached skill level 11 in Shields
 10907 | D:12     | Reached XP level 12. HP: 101/110 MP: 13/13
 10916 | D:12     | Reached skill level 4 in Invocations
 11047 | D:12     | Identified the +10 plate armour "Egeiboq" {rC- rN++}
 11060 | D:12     | You pick up a book of Cantrips and begin reading...
 11060 | D:12     | You add the spells Necrotise and Apportation to your
                  | library.
 11064 | D:12     | You pick up a book of Iron and begin reading...
 11183 | D:12     | You pick up a book of Ice and begin reading...
 11183 | D:12     | You add the spells Freezing Cloud and Polar Vortex to your
                  | library.
 11298 | D:12     | Reached skill level 15 in Axes
 11600 | D:12     | Noticed Nergalle
 11607 | D:12     | Killed Nergalle
 11707 | D:12     | HP: 24/110 [large slime creature (7)]
 11710 | D:12     | Slain by a large slime creature

Vanquished Creatures
  A centaur warrior (D:12)
  5 two-headed ogres
  3 death yaks (D:10)
  Nergalle (D:12)
  A deep elf pyromancer (D:12)
  2 ugly things
  2 cyclopes (D:12)
  Maurice (D:9)
  A gargoyle (D:11)
  A komodo dragon (D:10)
  3 trolls (D:12)
  A queen bee (D:9)
  A hornet (D:9)
  5 slime creatures (D:12)
  2 vampires
  A wraith (D:11)
  2 shadows
  A wyvern (D:8)
  7 yaks
  A human (D:10)
  8 vampire mosquitoes
  An acid dragon (D:10)
  2 water moccasins
  5 ice beasts
  2 orc warriors (D:10)
  2 sky beasts
  A black bear (D:6)
  3 centaurs
  A phantom (D:7)
  3 bullfrogs
  2 scorpions (D:5)
  3 gnoll sergeants
  5 wights (D:8)
  37 killer bees
  7 howler monkeys
  A gnoll bouda (D:8)
  2 jellies
  8 orc priests
  4 hounds
  5 iguanas
  8 orc wizards
  A mummy (D:4)
  24 gnolls
  8 adders
  2 worms
  4 dart slugs
  26 orcs
  2 bats
  3 endoplasms
  3 giant cockroaches
  3 goblins
  6 hobgoblins
  8 jackals
  4 quokkas
  9 ball pythons
  6 frilled lizards
  6 kobolds
  5 rats
272 creatures vanquished.

Vanquished Creatures (others)
  17 plants (D:5)
17 creatures vanquished.

Grand Total: 289 creatures vanquished

Table legend:
 A = Non-vault XP
 B = Vault XP
 C = Vault XP percentage of total XP
 D = Non-vault monster count
 E = Vault monster count
 F = Vault count percentage of total count
                 A         B        C        D         E       F
            +---------+---------+-------+---------+---------+-------
      Total |   16752 |   10874 |  39.4 |     207 |      65 |  23.9
            +---------+---------+-------+---------+---------+-------
        D:1 |      45 |       0 |   0.0 |      26 |       0 |   0.0
        D:2 |      85 |       0 |   0.0 |      14 |       0 |   0.0
        D:3 |      61 |       0 |   0.0 |      16 |       0 |   0.0
        D:4 |      94 |      60 |  39.0 |       9 |       5 |  35.7
        D:5 |     543 |       0 |   0.0 |      20 |       0 |   0.0
        D:6 |    1162 |       0 |   0.0 |      18 |       0 |   0.0
        D:7 |    1179 |     186 |  13.6 |      24 |       3 |  11.1
        D:8 |    1403 |       0 |   0.0 |      28 |       0 |   0.0
        D:9 |    3057 |    2115 |  40.9 |      14 |      24 |  63.2
       D:10 |    1110 |    3945 |  78.0 |      13 |      23 |  63.9
       D:11 |    4811 |       0 |   0.0 |      14 |       0 |   0.0
       D:12 |    3202 |    4568 |  58.8 |      11 |      10 |  47.6
            +---------+---------+-------+---------+---------+-------

Illustrated notes

Table legend:
 A = Kills in this place as a percentage of kills in the entire game.
 B = Kills by you in this place as a percentage of kills by you in the entire game.
 C = Kills by friends in this place as a percentage of kills by friends in the entire game.
 D = Other kills in this place as a percentage of other kills in the entire game.
 E = Experience gained in this place as a percentage of experience gained in the entire game.
 F = Experience gained in this place divided by the number of levels of this place that you have seen.
                   A       B       C       D       E      F
               +-------+-------+-------+-------+-------+----------------------
         Total | 100.0 | 100.0 |   N/A |   N/A | 100.0 | 2125.1
       Dungeon | 100.0 | 100.0 |   N/A |   N/A | 100.0 | 2302.2
               +-------+-------+-------+-------+-------+----------------------

Table legend: (Time is in decaauts)
 A = Elapsed time spent in this place.
 B = Non-inter-level travel time spent in this place.
 C = Inter-level travel time spent in this place.
 D = Time resting spent in this place.
 E = Time spent auto-exploring this place.
 F = Levels seen in this place.
 G = Mean time per level.
                   A        B        C        D        E       F      G
               +--------+--------+--------+--------+--------+-----+--------+
         Total |  11815 |  11358 |    457 |    227 |   9542 |  13 |  908.8 |
       Dungeon |  11706 |  11257 |    449 |    227 |   9475 |  12 |  975.5 |
        Temple |    108 |    100 |      8 |      0 |     67 |   1 |  108.0 |
               +--------+--------+--------+--------+--------+-----+--------+

Top non-repeatable levels by time:
     D:9: 1758 daAuts
     D:4: 1612 daAuts
     D:5: 1089 daAuts
     D:2: 934 daAuts
    D:10: 920 daAuts
    D:12: 868 daAuts
     D:1: 863 daAuts
     D:3: 822 daAuts
     D:8: 790 daAuts
     D:7: 778 daAuts
     D:6: 738 daAuts
    D:11: 528 daAuts
  Temple: 108 daAuts
